 Dungeon Crawl Stone Soup version 0.30-b1-2-g02819fbbbe (webtiles) character file.

Game seed: 12721929174089353755

968 funkygono the Chopper (level 7, -9/61 HPs)
             Began as a Minotaur Fighter on May 24, 2023.
             Mangled by a wyvern (12 damage)
             ... on level 5 of the Dungeon.
             The game lasted 00:04:18 (3435 turns).

funkygono the Chopper (Minotaur Fighter)            Turns: 3435, Time: 00:04:19

Health: -9/61      AC: 10    Str: 22    XL:     7   Next: 93%
Magic:  6/6        EV: 10    Int:  5    God:
Gold:   200        SH:  4    Dex: 10    Spells: 6/6 levels left

rFire   . . .        a - +1 war axe (heavy)
rCold   . . .        c - +0 buckler
rNeg    . . .        b - +0 scale mail
rPois   +            o - +0 hat
rElec   .            w - +0 cloak
rCorr   .            s - +0 pair of gloves
SInv    .            (no boots)
Will    .....        (no amulet) Stlth
                     m - ring of poison resistance
HPRegen 0.30/turn    (no ring)
MPRegen 0.10/turn

%: no passive effects
@: no status effects
A: horns 2, retaliatory headbutt
a: no special abilities


You were on level 5 of the Dungeon.
You visited 1 branch of the dungeon, and saw 5 of its levels.

You collected 200 gold pieces.

Inventory:

Hand Weapons
 a - a +1 heavy war axe (weapon)
Missiles
 r - 14 stones (quivered)
 u - a throwing net
Armour
 b - a +0 scale mail (worn)
 c - a +0 buckler (worn)
 o - a +0 hat (worn)
 s - a +0 pair of gloves (worn)
 w - a +0 cloak (worn)
Jewellery
 m - a ring of poison resistance (left hand)
Scrolls
 g - a scroll of magic mapping {unknown}
 j - 2 scrolls of identify
 k - 4 scrolls of teleportation
 n - a scroll of fog
Potions
 d - 4 potions of might
 e - 5 potions of curing
 f - a potion of resistance
 h - a potion of invisibility {unknown}
 i - a potion of berserk rage {unknown}
 l - a potion of ambrosia {unknown}
 p - a potion of mutation {unknown}
 q - 2 potions of attraction
 x - a potion of flight {unknown}


   Skills:
 + Level 5.5 Fighting
 + Level 7.2 Axes
 + Level 6.8 Armour
 + Level 2.3 Dodging
 + Level 0.6 Stealth
 + Level 4.8 Shields


You had 6 spell levels left.
You didn't know any spells.
Your spell library contained the following spells:

 Spells                   Type           Power      Damage    Failure   Level
 Ozocubu's Armour         Ice            0%         N/A       99%         3
 Ozocubu's Refrigeration  Ice            0%         4d7       100%        7


Dungeon Overview and Level Annotations

Branches:
Dungeon (5/15)
 Temple: D:4-7

Altars:


Innate Abilities, Weirdness & Mutations

You have a pair of horns on your head.
You reflexively headbutt those who attack you in melee.


Message History

The phantom is heavily damaged.
The phantom hits you but does no damage. x2
You slice the phantom!!
You destroy the phantom!
You block the iguana's attack.
Your Dodging skill increases to level 2!
You slash the iguana! You headbutt the iguana.
The iguana is almost dead.
A wyvern comes into view.
The iguana bites you. x2
The wyvern hisses angrily.
You slice the iguana!!
You kill the iguana!
There is an open door, spattered with blood here.
You see here a scorpion corpse.
The wyvern bites you but does no damage. x2
You hit the wyvern but do no damage. Your headbutt misses the wyvern.
The wyvern bites you! x2
You closely miss the wyvern. You headbutt the wyvern!
The wyvern is moderately wounded.
The wyvern bites you but does no damage.
The wyvern bites you!
* * * LOW HITPOINT WARNING * * *
The wyvern bites you.
* * * LOW HITPOINT WARNING * * *
You closely miss the wyvern.
The wyvern is moderately wounded.
The wyvern misses you. The wyvern bites you!
* * * LOW HITPOINT WARNING * * *
The wyvern closely misses you.
You hit the wyvern. Your headbutt misses the wyvern.
The wyvern is heavily wounded.
The wyvern bites you.
* * * LOW HITPOINT WARNING * * *
The wyvern closely misses you. You furiously retaliate!
You headbutt the wyvern. You barely miss the wyvern.
The wyvern is severely wounded.
The wyvern bites you!
You die...

#.....#.....##......)##...#.
#####..)).#..............##...#.
##...#.....#..............))...#.
.....#.....+......###############
.....#.....####'###~~~~~~~ #
.....#............#~...... #
####'#............#~...... #
#.................#~...... #
...............l@.#~...... #
....†.............#~....[. #
.............####.†......≈ #
.............+...##~...... #
.............#...# ~....?. #
......########...# ~...... #
.######..........# ~...... #
.#...............# ~......
.#.............>.# ~~~~~~~


You could see a wyvern.

Vanquished Creatures
  A water moccasin (D:5)
  2 centaurs (D:5)
  2 phantoms
  A scorpion (D:5)
  An orc priest (D:5)
  4 hounds (D:5)
  A gnoll bouda (D:5)
  An iguana (D:5)
  A sleepcap (D:4)
  Jessica (D:2)
  Terence (D:2)
  An orc wizard (D:5)
  4 adders
  7 gnolls
  A white imp (D:5)
  A worm (D:3)
  3 dart slugs
  8 orcs
  5 endoplasms
  5 giant cockroaches
  7 goblins
  6 hobgoblins
  3 jackals (D:1)
  3 quokkas
  4 ball pythons
  A bat (D:1)
  3 frilled lizards
  9 kobolds
  5 rats
92 creatures vanquished.

Notes
Turn   | Place    | Note
-------+----------+-------------------------------------------
     0 | D:1      | funkygono the Minotaur Fighter began the quest for the Orb.
     0 | D:1      | Reached XP level 1. HP: 19/19 MP: 0/0
   224 | D:1      | Reached XP level 2. HP: 26/27 MP: 1/1
   629 | D:2      | Reached XP level 3. HP: 30/33 MP: 2/2
   633 | D:2      | Noticed Jessica
   635 | D:2      | Reached skill level 3 in Axes
   664 | D:2      | Killed Jessica
   686 | D:2      | Reached XP level 4. HP: 40/40 MP: 3/3
  1031 | D:2      | Noticed Terence
  1041 | D:2      | Killed Terence
  1042 | D:2      | Reached skill level 4 in Axes
  1535 | D:3      | Reached XP level 5. HP: 46/47 MP: 4/4
  1538 | D:3      | Found a faded altar of an unknown god.
  1946 | D:4      | Noticed a phantom
  1954 | D:4      | Killed a phantom
  1955 | D:4      | Reached skill level 1 in Dodging
  1971 | D:4      | Reached skill level 5 in Axes
  1971 | D:4      | Reached skill level 5 in Armour
  2562 | D:5      | Entered Level 5 of the Dungeon
  2610 | D:5      | Noticed a centaur
  2617 | D:5      | Killed a centaur
  2618 | D:5      | Reached XP level 6. HP: 13/53 MP: 5/5
  2863 | D:5      | Reached skill level 6 in Axes
  2865 | D:5      | Reached skill level 5 in Fighting
  2963 | D:5      | Reached XP level 7. HP: 44/61 MP: 6/6
  3420 | D:5      | Reached skill level 7 in Axes
  3426 | D:5      | Noticed a wyvern
  3433 | D:5      | HP: 3/61 [wyvern (12)]
  3435 | D:5      | Mangled by a wyvern

Illustrated notes

Levels and vault maps discovered:
D:1:      dpeg_arrival_boxes_within_box, layout_basic
D:2:      layout_rooms, uniq_terence, uniq_jessica
D:3:      layout_basic, ebering_ecumenical_altar_sacrificial,
          kennysheep_generic_room_2
D:4:      layout_cave_pods, st_stairs_6
D:5:      layout_gridville, kennysheep_generic_room_16

Skill      XL: |  1  2  3  4  5  6  7 |
---------------+----------------------+-----
Fighting       | 4 5 |  5.5
Armour         | 4 5 6 |  6.8
Shields        | 4 |  4.8
Axes           | 3 4 5 6 7 |  7.2
Dodging        | 1 2 |  2.3
Stealth        | |  0.6

Action                     |  1- 3 |  4- 6 |  7- 9 || total
---------------------------+-------+-------+-------++-------
  Melee: War axe           |    51 |   112 |    51 ||   214
         Headbutt          |     4 |    15 |    13 ||    32
    Use: Scroll            |       |    10 |       ||    10
 Armour: Scale mail        |    24 |    49 |    32 ||   105
  Dodge: Dodged            |    30 |    51 |    38 ||   119
  Block: Buckler           |    12 |    26 |    10 ||    48
